 Dungeon Crawl Stone Soup version 0.24.0-37-gcf1ca852f1 (webtiles) character file.

Game seed: 11023003492935115047, levelgen mode: deterministic

494 FishyPogo the Stinger (level 6, -3/32 HPs)
             Began as a Deep Elf Venom Mage on Dec 8, 2019.
             Was an Initiate of Sif Muna.
             Slain by an iguana (9 damage)
             ... on level 5 of the Dungeon.
             The game lasted 00:15:57 (3735 turns).

FishyPogo the Stinger (Deep Elf Venom Mage)         Turns: 3735, Time: 00:15:58

Health: -3/32      AC:  3    Str:  5    XL:     6   Next: 92%
Magic:  15/15      EV: 14    Int: 22    God:    Sif Muna [......]
Gold:   215        SH:  0    Dex: 18    Spells: 5/15 levels left

rFire    . . .     SeeInvis .   b - staff of energy
rCold    . . .     Gourm    .   (no shield)
rNeg     . . .     Faith    .   v - +0 robe
rPois    +         Spirit   .   r - +1 hat
rElec    .         Reflect  .   (no cloak)
rCorr    .         Harm     .   (no gloves)
MR       .....                  (no boots)
Stlth    ++........             (no amulet)
HPRegen  0.10/turn              g - ring of poison resistance
MPRegen  0.14/turn              q - +3 ring of dexterity

@: about to teleport, starving, invisible
A: no striking features
a: Renounce Religion


You were on level 5 of the Dungeon.
You worshipped Sif Muna.
Sif Muna was noncommittal.
You were starving.

You visited 2 branches of the dungeon, and saw 6 of its levels.

You collected 215 gold pieces.

Inventory:

Hand Weapons
 a - a +2 falchion of slicing
Missiles
 f - 108 stones (quivered)
 i - 7 silver boomerangs
Armour
 r - a +1 hat (worn)
 v - a +0 robe (worn)
Magical Staves
 b - an uncursed staff of energy (weapon)
Jewellery
 g - a ring of poison resistance (left hand)
 m - an uncursed ring of positive energy
 q - a +3 ring of dexterity (right hand)
Wands
 u - a wand of iceblast (3)
Scrolls
 e - a scroll of immolation {unknown}
 h - a scroll of teleportation
 o - a scroll of enchant weapon {unknown}
Potions
 d - a potion of lignification
 k - a potion of might {unknown}
 p - 3 potions of curing
Comestibles
 c - 6 rations


   Skills:
 * Level 0.8 Long Blades
 + Level 3.9 Dodging
 - Level 3.0 Stealth
 - Level 0.2 Unarmed Combat
 + Level 5.2 Spellcasting
 * Level 3.7 Conjurations
 + Level 1.9 Air Magic
 * Level 5.3 Poison Magic


You had 5 spell levels left.
You knew the following spells:

 Your Spells              Type           Power        Failure   Level  Hunger
a - Sting                 Conj/Pois      ####         1%          1    None
b - Poisonous Vapours     Pois/Air       ###...       3%          2    None
c - Mephitic Cloud        Conj/Pois/Air  ###.....     7%          3    None
d - Olgreb's Toxic Radia  Pois           ####....     11%         4    None

Your spell library contained the following spells:

 Spells                   Type           Power        Failure   Level  Hunger
 Venom Bolt               Conj/Pois      ####......   41%         5    None


Dungeon Overview and Level Annotations

Branches:
Dungeon (5/15)             Temple (1/1) D:5

Altars:
Ashenzari
Cheibriados
Dithmenos
Fedhas
Gozag
Hepliaklqana
Makhleb
Nemelex Xobeh
Qazlal
Ru
Sif Muna
Trog
Uskayaw
Vehumet
Wu Jian
Yredelemnul
Zin
The Shining One


Message History

The scroll dissolves into smoke.
It was a scroll of fog.
The iguana bites you! The worker ant closely misses you.
The crimson imp hits you but does no damage.
As you read the scroll labeled QUELAXZ PEPE, it crumbles to dust.
You feel strangely unstable.
It was a scroll of teleportation.
The worker ant barely misses you. The iguana closely misses you.
The crimson imp hits you but does no damage.
As you read the scroll labeled ENLEV WEEPT, it crumbles to dust.
You feel aware of your surroundings.
You sensed 1 altar, and 1 shop/portal.
It was a scroll of magic mapping.
The worker ant closely misses you. The iguana bites you!
* * * LOW HITPOINT WARNING * * *
The crimson imp blinks!
The worker ant barely misses you.
Okay, then.
Okay, then.
You don't have the energy to cast that spell.
It was a potion of invisibility.
You fade into invisibility!
The iguana bites you!
You die...

*,* ******************
*,*
###..,,,,,,,,,,,,,,,
*,*
#...#*****,,,,,,,,,,
*,*
###.#.######.#********
*,****###...§.§....#.#
**,***
*<,,,,...§§§#§#§.....*
**,,,**
*******#.§§#§#§#...#**
*,,,,,, #.§#§#l#§#..#
**,,,** ****
#..§#§@a#..#* **,**
,,,* #..#§#§#§#.# #.#
**,* #..§#§#§#..#
##.##* *,*
#...§#§#...# #_..,,
*,* #..5.......#
#..#** #.*
#.###.#..### #..# #.#
### #.###...## #..# *
#.###.## #..####.#
##..### #.##...####.#
#.#########......


You could see an iguana, a worker ant and a crimson imp.

Vanquished Creatures
  2 ogres (D:4)
  A hound (D:4)
  An orc priest (D:4)
  3 worker ants
  2 orc wizards (D:4)
  A howler monkey skeleton (D:4)
  4 adders
  An ooze (D:1)
  2 worms (D:3)
  A dart slug (D:2)
  2 leopard geckos (D:1)
  3 orcs
  3 giant cockroaches
  7 goblins
  10 hobgoblins
  7 jackals (D:1)
  6 kobolds
  2 quokkas
  2 ball pythons
  7 bats
  9 frilled lizards
  A leopard gecko skeleton (D:4)
  6 rats
83 creatures vanquished.

Notes
Turn   | Place    | Note
-------+----------+-------------------------------------------
     0 | D:1      | FishyPogo the Deep Elf Venom Mage began the quest for the
                  | Orb.
     0 | D:1      | Reached XP level 1. HP: 10/10 MP: 6/6
   124 | D:1      | Reached XP level 2. HP: 4/15 MP: 0/8
   200 | D:1      | Learned a level 2 spell: Poisonous Vapours
   608 | D:1      | Reached XP level 3. HP: 19/19 MP: 8/10
   614 | D:1      | Learned a level 3 spell: Mephitic Cloud
  1594 | D:3      | Reached XP level 4. HP: 24/24 MP: 8/12
  2443 | D:3      | Reached XP level 5. HP: 14/28 MP: 2/14
  2502 | D:4      | Found a sacrificial altar of Ru.
  2601 | D:4      | Reached skill level 1 in Air Magic
  2620 | D:4      | Noticed an ogre
  2682 | D:4      | Killed an ogre
  2682 | D:4      | Reached skill level 5 in Spellcasting
  2682 | D:4      | Reached XP level 6. HP: 32/32 MP: 4/15
  2744 | D:4      | Reached skill level 5 in Poison Magic
  2866 | D:4      | Learned a level 4 spell: Olgreb's Toxic Radiance
  3476 | D:5      | Entered Level 5 of the Dungeon
  3527 | D:5      | Found a staircase to the Ecumenical Temple.
  3578 | D:5      | Found a basalt altar of Yredelemnul.
  3601 | Temple   | Entered the Ecumenical Temple
  3694 | Temple   | Became a worshipper of Sif Muna the Loreminder
  3735 | D:5      | Slain by an iguana

Levels and vault maps discovered:
D:1:      co_arrival_random_square_maze, layout_loops_cross
D:2:      layout_basic, minmay_tromino_mix6
D:3:      layout_basic, first_ration
D:4:      layout_cave_pods, nicolae_ru_great_annihilating_truth,
          serial_park_tiny_1, hangedman_minor_gate_pass
D:5:      layout_loops_ring, overflow_temple_1_default, xom_butterflies,
          minmay_temple_entry_grid, gup_sewer_entry_pipe,
          chequers_serial_rivers_small_b, palyth_stone_intersect, fountainhead,
          uniq_edmund
Temple:   nicolae_temple_elliptical

Skill      XL: |  1  2  3  4  5  6 |
---------------+-------------------+-----
Dodging        | 3 |  3.9
Stealth        | 3 |  3.0
Spellcasting   | 4 5 |  5.2
Poison Magic   | 4 5 |  5.3
Conjurations   | 2 3 |  3.7
Air Magic      | 1 |  1.9
Long Blades    | |  0.8
Unarmed Combat | |  0.2

Action                   |  1- 3 |  4- 6 || total
-------------------------+-------+-------++-------
Melee: Unarmed           |    47 |    16 ||    63
       Staff             |       |     9 ||     9
       Falchion          |       |     7 ||     7
 Cast: Sting             |    59 |    74 ||   133
       Poisonous Vapours |    16 |    18 ||    34
       Mephitic Cloud    |       |     5 ||     5
  Use: Scroll            |       |     7 ||     7
       Potion            |       |     1 ||     1
 Stab: Invisible         |       |     1 ||     1
  Eat: Chunk             |     3 |     4 ||     7
Armor: Robe              |     7 |     4 ||    11
Dodge: Dodged            |    41 |    35 ||    76
       Rpst.: Falchion   |       |     1 ||     1
